| TOP OF THE 1ST |
|
Lansing Lugnuts batting - Pitching for Bowling Green Hot Rods : LHP Chris Polite
|
|
Pitching: LHP Chris Polite
|
|
|
Batting: RHB Tokuji Kawabata
|
0-0: Called Strike 0-1: Foul Ball, location: 2F 0-2: DOUBLE (Flyball, 78D, EV 88.8 MPH)
|
|
Batting: RHB Frank Caulfield
|
0-0: SINGLE (Groundball, 34D, EV 106.2 MPH) Tokuji Kawabata to third Runner from 3rd tries for Home, SAFE, throw by RF to home
|
|
Batting: RHB Wade Diamond
|
0-0: Ball Passed Ball! Frank Caulfield to second 1-0: Ball 2-0: Ball 3-0: Swinging Strike 3-1: Base on Balls
|
|
Batting: RHB Chris Martin
|
0-0: Foul Ball, location: 2F 0-1: Foul Ball, location: 2F 0-2: Ball 1-2: Fielders Choice at 2nd, 6-4 (Groundball, 6S, EV 84.4 MPH) Frank Caulfield to third
|
|
Batting: RHB Dylan Phillips
|
0-0: Called Strike 0-1: Fielders Choice at 2nd, 4-6 (Groundball, 4M, EV 86.9 MPH) Frank Caulfield scores
|
|
Batting: SHB Ryan Chicoine
|
0-0: Ball 1-0: Called Strike 1-1: Foul Ball, location: 2F 1-2: Foul Ball, location: 2F 1-2: Ball 2-2: SINGLE (Groundball, 56D, EV 105.0 MPH) Dylan Phillips to second
|
|
Batting: RHB Brian Manson
|
0-0: Called Strike 0-1: Fly out, F7 (Flyball, 7S, EV 85.0 MPH)
|
| Top of the 1st over - 2 runs, 3 hits, 0 errors, 2 left on base; Lansing 2 - Bowling Green 0 |
| BOTTOM OF THE 1ST |
|
Bowling Green Hot Rods batting - Pitching for Lansing Lugnuts : RHP Mike Amos
|
|
Pitching: RHP Mike Amos
|
|
|
Batting: RHB Chris Thorson
|
0-0: Called Strike 0-1: Foul Ball, location: 2F 0-2: Strikes out swinging
|
|
Batting: LHB Harris Vink
|
0-0: Ball 1-0: Foul Ball, location: 2F 1-1: Ground out U3 (Groundball, 34, EV 78.8 MPH)
|
|
Batting: LHB Darryl Gonnella
|
0-0: Ball 1-0: Ground out U3 (Groundball, 13, EV 92.5 MPH)
|
| Bottom of the 1st over - 0 runs, 0 hits, 0 errors, 0 left on base; Lansing 2 - Bowling Green 0 |
| TOP OF THE 2ND |
|
Lansing Lugnuts batting - Pitching for Bowling Green Hot Rods : LHP Chris Polite
|
|
Batting: LHB Aaron Caron
|
0-0: Ball 1-0: Called Strike 1-1: Ball 2-1: Fly out, F9 (Line Drive, 9S, EV 91.9 MPH)
|
|
Batting: LHB Roger Escareno
|
0-0: Ball 1-0: Called Strike 1-1: Ball 2-1: Ball 3-1: Fly out, F9 (Flyball, 89D, EV 99.4 MPH)
|
|
Batting: RHB Tokuji Kawabata
|
0-0: Foul Ball, location: 2F 0-1: Called Strike 0-2: Ball 1-2: Ball 2-2: Ball 3-2: DOUBLE (Line Drive, 9LM, EV 113.8 MPH)
|
|
Batting: RHB Frank Caulfield
|
0-0: Ball 1-0: Ground out 6-3 (Groundball, 6, EV 90.6 MPH)
|
| Top of the 2nd over - 0 runs, 1 hit, 0 errors, 1 left on base; Lansing 2 - Bowling Green 0 |
| BOTTOM OF THE 2ND |
|
Bowling Green Hot Rods batting - Pitching for Lansing Lugnuts : RHP Mike Amos
|
|
Batting: RHB Sesto Carpini
|
0-0: Ground out 5-3 (Groundball, 5S, EV 89.4 MPH)
|
|
Batting: RHB Adam Kaeser
|
0-0: Ball 1-0: Ball 2-0: Fly out, F7 (Flyball, 7D, EV 100.6 MPH)
|
|
Batting: RHB Jose Arriola
|
0-0: Ball 1-0: Ball 2-0: Called Strike 2-1: SINGLE (Groundball, 6MD, EV 96.2 MPH)
|
|
Batting: RHB Kunizo Yanagisawa
|
0-0: Ball 1-0: Called Strike 1-1: Ball 2-1: Fielders Choice at 2nd, 6-4 (Groundball, 6, EV 105.6 MPH)
|
| Bottom of the 2nd over - 0 runs, 1 hit, 0 errors, 1 left on base; Lansing 2 - Bowling Green 0 |
| TOP OF THE 3RD |
|
Lansing Lugnuts batting - Pitching for Bowling Green Hot Rods : LHP Chris Polite
|
|
Batting: RHB Wade Diamond
|
0-0: Ball 1-0: Ball 2-0: Foul Ball, location: 2F 2-1: Ball 3-1: DOUBLE (Line Drive, 78XD, EV 103.8 MPH)
|
|
Batting: RHB Chris Martin
|
0-0: Called Strike 0-1: Ball 1-1: Ball 2-1: Ball 3-1: Ground out 6-3 (Groundball, 6, EV 91.9 MPH) Wade Diamond to third
|
|
Batting: RHB Dylan Phillips
|
0-0: Ball 1-0: Ball Wild Pitch! Wade Diamond scores 2-0: Fly out, F9 (Flyball, 89S, EV 92.5 MPH)
|
|
Batting: SHB Ryan Chicoine
|
0-0: Swinging Strike 0-1: Ball 1-1: Called Strike 1-2: Strikes out looking
|
| Top of the 3rd over - 1 run, 1 hit, 0 errors, 0 left on base; Lansing 3 - Bowling Green 0 |
| BOTTOM OF THE 3RD |
|
Bowling Green Hot Rods batting - Pitching for Lansing Lugnuts : RHP Mike Amos
|
|
Batting: LHB Jeremy Burton
|
0-0: Ball 1-0: Ball 2-0: Foul Ball, location: 2F 2-1: Ball 3-1: Called Strike 3-2: Strikes out swinging
|
|
Batting: RHB Eric Waugaman
|
0-0: Fly out, F9 (Flyball, 9S, EV 90.6 MPH)
|
|
Batting: RHB Chris Thorson
|
0-0: Called Strike 0-1: Called Strike 0-2: Foul Ball, location: 2F 0-2: Ball 1-2: Ground out 6-3 (Groundball, 6, EV 106.9 MPH)
|
| Bottom of the 3rd over - 0 runs, 0 hits, 0 errors, 0 left on base; Lansing 3 - Bowling Green 0 |
| TOP OF THE 4TH |
|
Lansing Lugnuts batting - Pitching for Bowling Green Hot Rods : LHP Chris Polite
|
|
Batting: RHB Brian Manson
|
0-0: Ball 1-0: Ball 2-0: Called Strike 2-1: Foul Ball, location: 2F 2-2: Strikes out looking
|
|
Batting: LHB Aaron Caron
|
0-0: Foul Ball, location: 2F 0-1: Foul Ball, location: 2F 0-2: Ball 1-2: Foul Ball, location: 2F 1-2: Ground out 1-3 (Groundball, 13S, EV 71.9 MPH)
|
|
Batting: LHB Roger Escareno
|
0-0: Ball 1-0: Swinging Strike 1-1: Foul Ball, location: 2F 1-2: Foul Ball, location: 2F 1-2: Fly out, F4 (Line Drive, 4, EV 68.8 MPH)
|
| Top of the 4th over - 0 runs, 0 hits, 0 errors, 0 left on base; Lansing 3 - Bowling Green 0 |
| BOTTOM OF THE 4TH |
|
Bowling Green Hot Rods batting - Pitching for Lansing Lugnuts : RHP Mike Amos
|
|
Batting: LHB Harris Vink
|
0-0: Ball 1-0: Ball 2-0: Ground out 6-3 (Groundball, 6, EV 90.0 MPH)
|
|
Batting: LHB Darryl Gonnella
|
0-0: Foul Ball, location: 2F 0-1: Ball 1-1: Ball 2-1: Ball 3-1: Foul Ball, location: 2F 3-2: DOUBLE (Line Drive, 9LS, EV 96.9 MPH)
|
|
Batting: RHB Sesto Carpini
|
0-0: Ball 1-0: Ball 2-0: Foul Ball, location: 2F 2-1: SINGLE (Line Drive, 78S, EV 95.0 MPH) Darryl Gonnella to third
|
|
Batting: RHB Adam Kaeser
|
0-0: Called Strike 0-1: Swinging Strike 0-2: Strikes out looking
|
|
Batting: RHB Jose Arriola
|
0-0: Ball 1-0: Ball 2-0: Called Strike 2-1: Called Strike 2-2: Strikes out swinging
|
| Bottom of the 4th over - 0 runs, 2 hits, 0 errors, 2 left on base; Lansing 3 - Bowling Green 0 |
| TOP OF THE 5TH |
|
Lansing Lugnuts batting - Pitching for Bowling Green Hot Rods : LHP Chris Polite
|
|
Batting: RHB Tokuji Kawabata
|
0-0: Ball 1-0: Foul Ball, location: 2F 1-1: Called Strike 1-2: Fly out, F7 (Line Drive, 7S, EV 95.6 MPH)
|
|
Pitching: RHP Nate Russano
|
|
|
Batting: RHB Frank Caulfield
|
0-0: Called Strike 0-1: Ball 1-1: Foul Ball, location: 2F 1-2: Ball 2-2: Ball 3-2: Ground out 4-3 (Groundball, 34, EV 80.0 MPH)
|
|
Batting: RHB Wade Diamond
|
0-0: Called Strike 0-1: Foul Ball, location: 2F 0-2: Strikes out swinging
|
| Top of the 5th over - 0 runs, 0 hits, 0 errors, 0 left on base; Lansing 3 - Bowling Green 0 |
| BOTTOM OF THE 5TH |
|
Bowling Green Hot Rods batting - Pitching for Lansing Lugnuts : RHP Mike Amos
|
|
Batting: RHB Kunizo Yanagisawa
|
0-0: Called Strike 0-1: Called Strike 0-2: Strikes out swinging
|
|
Batting: LHB Jeremy Burton
|
0-0: Ball 1-0: Ball 2-0: Ball 3-0: Base on Balls
|
|
Batting: RHB Eric Waugaman
|
0-0: Ball 1-0: Called Strike Jeremy Burton steals 2nd base 1-1: Ball 2-1: Swinging Strike 2-2: Foul Ball, location: 2F 2-2: Fly out, F8 (Flyball, 8RD, EV 100.6 MPH)
|
|
Batting: RHB Chris Thorson
|
0-0: Ball 1-0: Ball 2-0: Ball 3-0: Called Strike 3-1: Foul Ball, location: 2F 3-2: Fly out, F9 (Flyball, 9, EV 89.4 MPH)
|
| Bottom of the 5th over - 0 runs, 0 hits, 0 errors, 1 left on base; Lansing 3 - Bowling Green 0 |
| TOP OF THE 6TH |
|
Lansing Lugnuts batting - Pitching for Bowling Green Hot Rods : RHP Nate Russano
|
|
Batting: RHB Chris Martin
|
0-0: Called Strike 0-1: Ball 1-1: Ball 2-1: Called Strike 2-2: Ball 3-2: Ground out 6-3 (Groundball, 6MD, EV 107.5 MPH)
|
|
Batting: RHB Dylan Phillips
|
0-0: Ball 1-0: Foul Ball, location: 2F 1-1: Fly out, F9 (Flyball, 89S, EV 94.4 MPH)
|
|
Batting: SHB Ryan Chicoine
|
0-0: Called Strike 0-1: Ball 1-1: Foul Ball, location: 2F 1-2: Hit by Pitch
|
|
Batting: RHB Brian Manson
|
0-0: Called Strike Ryan Chicoine steals 2nd, throwing error, E2 Ryan Chicoine to third 0-1: Swinging Strike 0-2: Foul Ball, location: 2F 0-2: Ball 1-2: Strikes out looking
|
| Top of the 6th over - 0 runs, 0 hits, 1 error, 1 left on base; Lansing 3 - Bowling Green 0 |
| BOTTOM OF THE 6TH |
|
Bowling Green Hot Rods batting - Pitching for Lansing Lugnuts : RHP Mike Amos
|
|
Batting: LHB Harris Vink
|
0-0: Ball 1-0: Ground out 4-3 (Groundball, 4, EV 86.9 MPH)
|
|
Batting: LHB Darryl Gonnella
|
0-0: Called Strike 0-1: Called Strike 0-2: Ball 1-2: Foul Ball, location: 2F 1-2: Ball 2-2: Ball 3-2: Strikes out swinging
|
|
Batting: RHB Sesto Carpini
|
0-0: Ball 1-0: Ball 2-0: SINGLE (Groundball, 56D, EV 103.1 MPH)
|
|
Batting: RHB Adam Kaeser
|
0-0: Swinging Strike 0-1: Foul Ball, location: 2F 0-2: SINGLE (Groundball, 6D, EV 95.0 MPH) Sesto Carpini to second Runner from 2nd tries for 3rd, SAFE, throw by LF made to third
|
|
Batting: RHB Jose Arriola
|
0-0: Called Strike 0-1: DOUBLE (Groundball, 5L, EV 103.8 MPH) Sesto Carpini scores Adam Kaeser to third
|
|
Batting: RHB Kunizo Yanagisawa
|
0-0: Called Strike 0-1: Ball 1-1: Reached on error, E6 (Groundball, 6, EV 85.0 MPH) Adam Kaeser scores Jose Arriola to third
|
|
Batting: LHB Jeremy Burton
|
0-0: Called Strike 0-1: Ball 1-1: Called Strike 1-2: Ball 2-2: Foul Ball, location: 2F 2-2: Foul Ball, location: 2F 2-2: Ball 3-2: Strikes out swinging
|
| Bottom of the 6th over - 2 runs, 3 hits, 1 error, 2 left on base; Lansing 3 - Bowling Green 2 |
| TOP OF THE 7TH |
|
Lansing Lugnuts batting - Pitching for Bowling Green Hot Rods : RHP Nate Russano
|
|
Pitching: LHP Tim Pulliam
|
|
|
Batting: LHB Aaron Caron
|
0-0: Ball 1-0: Swinging Strike 1-1: Called Strike 1-2: Ball 2-2: Ground out 4-3 (Groundball, 4, EV 98.8 MPH)
|
|
Batting: LHB Roger Escareno
|
0-0: Ball 1-0: Foul Ball, location: 2F 1-1: Ball 2-1: Ground out 5-3 (Groundball, 56, EV 80.6 MPH)
|
|
Batting: RHB Tokuji Kawabata
|
0-0: Called Strike 0-1: Ball 1-1: Ball 2-1: Swinging Strike 2-2: Foul Ball, location: 2F 2-2: Ground out 6-3 (Groundball, 6, EV 100.6 MPH)
|
| Top of the 7th over - 0 runs, 0 hits, 0 errors, 0 left on base; Lansing 3 - Bowling Green 2 |
| BOTTOM OF THE 7TH |
|
Bowling Green Hot Rods batting - Pitching for Lansing Lugnuts : RHP Mike Amos
|
|
Pitching: RHP Matt Still
|
|
|
Batting: RHB Eric Waugaman
|
0-0: Called Strike 0-1: Swinging Strike 0-2: Ball 1-2: Foul Ball, location: 2F 1-2: Foul Ball, location: 2F 1-2: Foul Ball, location: 2F 1-2: Ball 2-2: Foul Ball, location: 2F 2-2: Strikes out swinging
|
|
Batting: RHB Chris Thorson
|
0-0: Called Strike 0-1: Swinging Strike 0-2: Ball 1-2: Foul Ball, location: 2F 1-2: Ball 2-2: Ground out 5-3 (Groundball, 5D, EV 80.6 MPH)
|
|
Batting: LHB Harris Vink
|
0-0: Ball 1-0: Ground out 6-3 (Groundball, 6M, EV 105.0 MPH)
|
| Bottom of the 7th over - 0 runs, 0 hits, 0 errors, 0 left on base; Lansing 3 - Bowling Green 2 |
| TOP OF THE 8TH |
|
Lansing Lugnuts batting - Pitching for Bowling Green Hot Rods : LHP Tim Pulliam
|
|
Pitching: LHP Parker Martinet
|
|
|
Batting: RHB Frank Caulfield
|
0-0: Called Strike 0-1: Foul Ball, location: 2F 0-2: Ball 1-2: Ball 2-2: SINGLE (Line Drive, 34, EV 93.8 MPH)
|
|
Batting: RHB Wade Diamond
|
0-0: Ball 1-0: Ball 2-0: Called Strike 2-1: Ball 3-1: SINGLE (Flyball, 9LS, EV 87.5 MPH) Frank Caulfield to second Runner from 2nd tries for 3rd, SAFE, throw by RF made to third
|
|
Batting: RHB Chris Martin
|
0-0: Ball 1-0: Ball Balk! Frank Caulfield scores Wade Diamond to second 2-0: Foul Ball, location: 2F 2-1: Fly out, F8 (Flyball, 8RM, EV 83.1 MPH)
|
|
Batting: RHB Dylan Phillips
|
0-0: Called Strike 0-1: Foul Ball, location: 2F 0-2: Ball 1-2: Strikes out swinging
|
|
Batting: SHB Ryan Chicoine
|
0-0: Swinging Strike 0-1: Ground out 6-3 (Groundball, 6, EV 110.0 MPH)
|
| Top of the 8th over - 1 run, 2 hits, 0 errors, 1 left on base; Lansing 4 - Bowling Green 2 |
| BOTTOM OF THE 8TH |
|
Bowling Green Hot Rods batting - Pitching for Lansing Lugnuts : RHP Matt Still
|
|
Batting: LHB Darryl Gonnella
|
0-0: Called Strike 0-1: Swinging Strike 0-2: Ball 1-2: Foul Ball, location: 2F 1-2: Strikes out swinging
|
|
Batting: RHB Sesto Carpini
|
0-0: Called Strike 0-1: Foul Ball, location: 2F 0-2: Foul Ball, location: 2F 0-2: Ball 1-2: Ball 2-2: Foul Ball, location: 2F 2-2: Ground out 6-3 (Groundball, 6, EV 105.0 MPH)
|
|
Batting: RHB Adam Kaeser
|
0-0: Called Strike 0-1: SOLO HOME RUN (Flyball, 78XD, EV 99.4 MPH), Distance : 391 ft
|
|
Batting: RHB Jose Arriola
|
0-0: Foul Ball, location: 2F 0-1: Ball 1-1: Ball 2-1: Foul Ball, location: 2F 2-2: Foul Ball, location: 2F 2-2: Foul Ball, location: 2F 2-2: Ball 3-2: Foul Ball, location: 2F 3-2: Base on Balls
|
|
Pitching: RHP Aaron Linkous
|
|
|
Batting: RHB Kunizo Yanagisawa
|
0-0: Fly out, F8 (Flyball, 8RD, EV 105.0 MPH)
|
| Bottom of the 8th over - 1 run, 1 hit, 0 errors, 1 left on base; Lansing 4 - Bowling Green 3 |
| TOP OF THE 9TH |
|
Lansing Lugnuts batting - Pitching for Bowling Green Hot Rods : LHP Parker Martinet
|
|
Batting: RHB Brian Manson
|
0-0: Fly out, F4 (Popup, 4, EV 56.9 MPH)
|
|
Batting: LHB Aaron Caron
|
0-0: Ground out U3 (Groundball, 34, EV 80.0 MPH)
|
|
Pinch Hitting: RHB Taylor Peavey
|
0-0: Ball 1-0: Called Strike 1-1: Swinging Strike 1-2: Ball 2-2: Strikes out looking
|
| Top of the 9th over - 0 runs, 0 hits, 0 errors, 0 left on base; Lansing 4 - Bowling Green 3 |
| BOTTOM OF THE 9TH |
|
Bowling Green Hot Rods batting - Pitching for Lansing Lugnuts : RHP Aaron Linkous
|
|
Now at 3B: Luis Reyes
|
|
|
Batting: LHB Jeremy Burton
|
0-0: Ball 1-0: Ground out 4-3 (Groundball, 34D, EV 83.8 MPH)
|
|
Pinch Hitting: LHB Jimmy Detrie
|
0-0: Called Strike 0-1: Ball 1-1: Foul Ball, location: 2F 1-2: Foul Ball, location: 2F 1-2: Hit by Pitch
|
|
Batting: RHB Chris Thorson
|
0-0: Called Strike 0-1: Ball 1-1: Swinging Strike 1-2: Strikes out swinging
|
|
Batting: LHB Harris Vink
|
0-0: Foul Ball, location: 2F 0-1: Called Strike 0-2: Strikes out swinging
|
| Bottom of the 9th over - 0 runs, 0 hits, 0 errors, 1 left on base; Lansing 4 - Bowling Green 3 |
|